 Dungeon Crawl Stone Soup version 0.31-a0-1522-g43313d8a59 (webtiles) character file.

Game seed: 6325425965973466931

2989 dialectric the Changeling (level 9, -3/84 HPs)
             Began as a Troll Gladiator on Dec 30, 2023.
             Slain by Erica
             ... wielding a +1 scimitar of flaming
              (6 damage)
             ... on level 8 of the Dungeon.
             The game lasted 00:10:37 (6514 turns).

dialectric the Changeling (Troll Gladiator)         Turns: 6514, Time: 00:10:37

Health: -3/84      AC: 12    Str: 26    XL:     9   Next: 53%
Magic:  8/8        EV: 12    Int:  4    God:
Gold:   439        SH:  0    Dex: 13    Spells: 8/8 levels left

rFire   . . .        q - +5 mace (protect)
rCold   . . .        (no shield)
rNeg    . . .        b - +0 robe
rPois   .            c - +0 hat
rElec   .            a - +0 cloak of the Writhing Gods {Rampage rCorr SInv Stlth+}
rCorr   +            (gloves unavailable)
SInv    +            (boots unavailable)
Will    .....        (no amulet)
Stlth   ++           (no ring)
HPRegen 1.14/turn    (no ring)
MPRegen 0.11/turn

%: rampage
@: lethally poisoned (-3 -> -11), under a protective aura
A: large, unfitting armour, claws 3, regeneration 1, shaggy fur 1, tough skin 1
a: no special abilities


You were on level 8 of the Dungeon.
You visited 2 branches of the dungeon, and saw 9 of its levels.

You collected 439 gold pieces.

Inventory:

Hand Weapons
 e - a +2 whip of flaming
 g - a +4 flail
 q - a +5 mace of protection (weapon)
Missiles
 d - 4 throwing nets
 i - a large rock
Armour
 a - the +0 cloak of the Writhing Gods (worn) {Rampage rCorr SInv Stlth+}
   (You acquired it on level 7 of the Dungeon)

   SInv:      It lets you see invisible.
   rCorr:     It protects you from acid and corrosion.
   Rampage:   It bestows one free step when moving towards enemies.
   Stlth+:    It makes you more stealthy.
 b - a +0 robe (worn)
 c - a +0 hat (worn)
 m - a +2 buckler
 r - a +1 cloak of willpower
Talismans
 j - a beast talisman
 s - a granite talisman
Wands
 p - a wand of acid (10)
 u - a wand of iceblast (18)
Scrolls
 f - 2 scrolls of amnesia
 n - a scroll of immolation
 t - a scroll of teleportation
 v - a scroll of enchant weapon
 y - 2 scrolls of blinking
 z - a scroll of identify
Potions
 h - a potion of lignification
 k - 4 potions of brilliance
 l - 2 potions of curing
 o - 4 potions of mutation
 x - 2 potions of attraction


   Skills:
 - Level 4.0 Fighting
 + Level 6.7 Maces & Flails
 - Level 2.1 Throwing
 + Level 6.1 Dodging
 * Level 7.2 Shapeshifting


You had 8 spell levels left.
You didn't know any spells.
Your spell library contained the following spells:

 Spells                   Type           Power      Damage    Failure   Level
 Fugue of the Fallen      Necr           0%         N/A       86%         3
 Hailstorm                Conj/Ice       0%         3d5       86%         3
 Ozocubu's Armour         Ice            0%         N/A       86%         3
 Summon Ice Beast         Ice/Summ       0%         N/A       86%         3
 Manifold Assault         Tloc           0%         N/A       99%         4
 Sculpt Simulacrum        Ice/Alch       0%         N/A       100%        6


Dungeon Overview and Level Annotations

Branches:
Dungeon (8/15)             Temple (1/1) D:5
   Lair: D:8-11

Altars:
Ashenzari
Cheibriados
Dithmenos
Elyvilon
Fedhas
Gozag
Hepliaklqana
Kikubaaqudgha
Makhleb
Nemelex Xobeh
Okawaru
Qazlal
Ru
Sif Muna
Uskayaw
Vehumet
Wu Jian
Xom
Yredelemnul
Zin
The Shining One

Shops:
D:3 :

Annotations:
D:8 Erica


Innate Abilities, Weirdness & Mutations

You are too large for most types of armour.
You have claws for hands.
Your natural rate of healing is unusually fast.
You are covered in fur. (AC +1)
You have tough skin. (AC +1)


Message History

Erica is moderately wounded.
You feel very sick. Erica closely misses you.
Unknown command.
You barely miss Erica.
Erica is moderately wounded.
You feel very sick. Erica casts a spell at you. The bolt of poison hits you!
You are more poisoned.
You are too injured to fight recklessly!
You closely miss Erica.
Erica is moderately wounded.
* * * LOW HITPOINT WARNING * * *
You feel extremely sick. Erica closely misses you.
The bullfrog releases a deep croak.
Unknown command.
You are too injured to fight recklessly!
You sock Erica!
Erica is moderately wounded.
* * * LOW HITPOINT WARNING * * *
You feel extremely sick. Erica misses you.
You are too injured to fight recklessly!
You sock Erica!
Erica is heavily wounded.
* * * LOW HITPOINT WARNING * * *
You feel very sick.
Erica stares at you and mumbles some strange words.
You resist with significant effort.
Unknown command.
Okay, then.
You barely miss Erica.
Erica is heavily wounded.
* * * LOW HITPOINT WARNING * * *
You feel very sick.
Erica hits you with a +1 scimitar of flaming.
You die...
Erica begins burbling mirthfully and uncontrollably.

##.##<........#
######.#
#.####.#.....#
######.#
#.####.#.....#
#>.....#
##.....#######
#.######
####### ####
#.# ..# #.# #.#
#.#
##.#####o####.#
..o.....oFx@..#
##.#..##o######
#. #.# .. ..#
## ####


You could see Erica (invisible), a bullfrog, an orc wizard and 2 orcs.

Vanquished Creatures
  Pikel (D:6)
  3 yaks (D:6)
  An orc warrior (D:6)
  2 sky beasts
  2 black bears
  An ogre (D:6)
  A lemure (D:6)
  A gnoll sergeant (D:3)
  A scorpion (D:4)
  7 wights
  A howler monkey (D:5)
  A bombardier beetle (D:5)
  3 hounds
  2 gnoll boudas
  2 jellies
  Crazy Yiuf (D:7)
  3 orc priests
  An iguana (D:5)
  6 orc wizards
  Robin (D:3)
  20 gnolls
  5 adders
  A shadow imp (D:6)
  2 ufetubi (D:6)
  4 dart slugs
  2 ribbon worms
  20 orcs
  6 ball pythons
  3 bats
  3 endoplasms
  3 giant cockroaches
  13 goblins
  14 hobgoblins
  5 jackals
  2 quokkas
  2 frilled lizards
  4 kobolds
  4 rats
154 creatures vanquished.

Vanquished Creatures (others)
  Maurice (D:7)
1 creature vanquished.

Grand Total: 155 creatures vanquished

Notes
Turn   | Place    | Note
-------+----------+-------------------------------------------
     0 | D:1      | dialectric the Troll Gladiator began the quest for the Orb.
     0 | D:1      | Reached XP level 1. HP: 19/19 MP: 0/0
    70 | D:1      | Reached XP level 2. HP: 20/28 MP: 1/1
   362 | D:1      | Reached XP level 3. HP: 35/35 MP: 2/2
   708 | D:2      | Found an ornate altar of the Wu Jian Council.
   967 | D:2      | Reached XP level 4. HP: 44/44 MP: 3/3
  1337 | D:3      | Noticed a gnoll sergeant
  1474 | D:3      | Noticed Robin
  1489 | D:3      | Killed Robin
  1490 | D:3      | Reached XP level 5. HP: 19/50 MP: 4/4
  1631 | D:3      | Found Ibraqare's Book Shop.
  1958 | D:3      | You fall into a shaft and drop 2 floors!
  1958 | D:5      | Entered Level 5 of the Dungeon
  1959 | D:5      | Noticed a black bear
  1985 | D:5      | Killed a black bear
  1986 | D:5      | Reached XP level 6. HP: 58/62 MP: 5/5
  2075 | D:5      | Found a shadowy altar of Dithmenos.
  2106 | D:5      | Found a blossoming altar of Fedhas.
  2686 | D:5      | Found a staircase to the Ecumenical Temple.
  2692 | Temple   | Entered the Ecumenical Temple
  2820 | D:5      | Reached skill level 1 in Shapeshifting
  2820 | D:5      | Reached XP level 7. HP: 70/70 MP: 6/6
  3047 | D:4      | Reached skill level 2 in Shapeshifting
  3203 | D:4      | Reached skill level 3 in Shapeshifting
  3204 | D:4      | Reached skill level 5 in Maces & Flails
  3967 | D:6      | Reached XP level 8. HP: 77/78 MP: 7/7
  4071 | D:6      | Reached skill level 4 in Shapeshifting
  4319 | D:6      | Reached skill level 5 in Dodging
  4337 | D:6      | Reached skill level 5 in Shapeshifting
  4444 | D:6      | Noticed Pikel
  4480 | D:6      | Killed Pikel
  4481 | D:6      | Reached skill level 6 in Shapeshifting
  4481 | D:6      | Reached XP level 9. HP: 65/84 MP: 8/8
  5507 | D:7      | Found a sacrificial altar of Ru.
  5549 | D:7      | Noticed Maurice
  5553 | D:7      | Maurice stole a +2 whip of flaming
  5555 | D:7      | Maurice stole a +2 buckler
  5562 | D:7      | Identified a scroll of acquirement
  5562 | D:7      | Acquired the +0 cloak of the Writhing Gods {Rampage rCorr
                  | SInv Stlth+}
  5601 | D:7      | HP: 4/81 [cloud of flame (7)]
  5623 | D:7      | Something stole a large rock
  5626 | D:7      | Something stole a beast talisman
  5638 | D:7      | Something stole 355 gold
  5647 | D:7      | Killed Maurice
  5648 | D:7      | Reached skill level 7 in Shapeshifting
  6152 | D:7      | Found a runed translucent door.
  6153 | D:7      | Noticed Crazy Yiuf
  6159 | D:7      | Killed Crazy Yiuf
  6492 | D:8      | Noticed Erica
  6514 | D:8      | HP: 3/84 [poisoned by Erica (bolt of poison)]
  6514 | D:8      | Slain by Erica

Illustrated notes

Levels and vault maps discovered:
D:1:      grunt_arrival_crossed_arrows, layout_basic
D:2:      layout_loops_ring, basic_altar, nicolae_elevator_lobby_asterisk
D:3:      layout_loops_ring, serial_shops, shop, uniq_robin
D:4:      layout_loops_ring
D:5:      layout_layer_cave, mainiacjoe_overflow_two_lobes,
          minmay_temple_entry_fiery
D:6:      layout_layer_cave, minmay_strange_pillars, grunt_decor_junction,
          uniq_pikel
D:7:      layout_loops_corners, mainiacjoe_overflow_small_starburst,
          uniq_crazy_yiuf_cottage, uniq_maurice
D:8:      minmay_spotlight, layout_loops_cross, uniq_erica, uniq_prince_ribbit1
Temple:   dpeg_three_leaves_temple

Skill      XL: |  1  2  3  4  5  6  7  8  9 |
---------------+----------------------------+-----
Throwing       | 2 |  2.1
Maces & Flails | 3 4 5 6 |  6.7
Fighting       | 2 3 4 |  4.0
Dodging        | 3 4 5 6 |  6.1
Shapeshifting  | 1 3 6 7 |  7.2

Action                     |  1- 3 |  4- 6 |  7- 9 || total
---------------------------+-------+-------+-------++-------
  Melee: Flail             |   129 |    69 |       ||   198
         Mace              |       |    81 |   323 ||   404
         Punch             |       |     1 |     3 ||     4
  Throw: Large rock        |       |       |     2 ||     2
Ability: Begin Untransform |       |       |     1 ||     1
    Use: Potion            |       |     1 |     5 ||     6
         Scroll            |       |     1 |     9 ||    10
   Stab: Sleeping          |     1 |       |       ||     1
 Armour: Robe              |   112 |   146 |   262 ||   520
         Skin              |       |       |    33 ||    33
  Dodge: Dodged            |    92 |    98 |   171 ||   361
   Form: Beast             |       |       |     1 ||     1

Table legend: (Time is in decaauts)
 A = Elapsed time spent in this place.
 B = Non-inter-level travel time spent in this place.
 C = Inter-level travel time spent in this place.
 D = Time resting spent in this place.
 E = Time spent auto-exploring this place.
 F = Levels seen in this place.
 G = Mean time per level.
                   A        B        C        D        E       F      G
               +--------+--------+--------+--------+--------+-----+--------+
         Total |   6609 |   6425 |    184 |    155 |   4543 |   9 |  734.3 |
       Dungeon |   6607 |   6423 |    184 |    155 |   4543 |   8 |  825.9 |
        Temple |      1 |      1 |      0 |      0 |      0 |   1 |    1.0 |
               +--------+--------+--------+--------+--------+-----+--------+

Top non-repeatable levels by time:
     D:6: 1356 daAuts
     D:7: 1068 daAuts
     D:4: 922 daAuts
     D:2: 883 daAuts
     D:5: 865 daAuts
     D:3: 790 daAuts
     D:1: 610 daAuts
     D:8: 109 daAuts
  Temple: 1 daAuts
